 Dungeon Crawl Stone Soup version 0.29.1-14-g9c671dbff4 (webtiles) character file.

Game seed: 9605971495520177911

264 javelincjr the Magician (level 6, -2/41 HPs)
             Began as a Djinni Earth Elementalist on Feb 14, 2023.
             Slain by yourfavgirlally's ghost (12 damage)
             ... on level 3 of the Dungeon.
             The game lasted 00:16:28 (3893 turns).

javelincjr the Magician (Djinni Earth Elementalist) Turns: 3893, Time: 00:16:29

Health: -2/41      AC:  2    Str:  6 (9)  XL:     6   Next: 43%
Gold:   127        EV: 12    Int: 14 (16) God:
                   SH:  0    Dex: 12 (14)

rFire   + + .      SeeInvis .   s - +6 dagger (venom)
rCold   x . .      Faith    .   (no shield)
rNeg    . . .      Spirit   .   a - +0 robe
rPois   ∞          Reflect  .   (no helmet)
rElec   .          Harm     .   (no cloak)
rCorr   .          Rampage  .   (no gloves)
Will    .....                   (boots unavailable)
Stlth   ++........              (no amulet)
HPRegen 0.13/turn               (no ring)
MPRegen 0.00/turn               (no ring)

@: brilliant, flying
A: sickness immunity, fire resistance 2, cold vulnerability 1, float, innate
caster, HP casting, extra vitality 1
a: no special abilities


You were on level 3 of the Dungeon.
You visited 1 branch of the dungeon, and saw 3 of its levels.

You collected 127 gold pieces.

Inventory:

Hand Weapons
 b - a +0 hand axe
 s - a +6 dagger of venom (weapon)
Missiles
 e - a throwing net
 g - 6 boomerangs
Armour
 a - a +0 robe (worn)
 n - a +0 kite shield
 q - a +0 helmet
Wands
 u - a wand of roots (14)
Scrolls
 c - a scroll of enchant weapon {unknown}
 f - 2 scrolls of teleportation {unknown}
 i - 3 scrolls of magic mapping
 k - a scroll of amnesia {unknown}
 l - 5 scrolls of identify {unknown}
 o - a scroll of brand weapon {unknown}
 p - a scroll of fear {unknown}
 v - a scroll of torment {unknown}
 w - a scroll of silence {unknown}
Potions
 j - 2 potions of degeneration
 m - a potion of attraction {unknown}
 r - a potion of ambrosia {unknown}
 t - a potion of curing {unknown}


   Skills:
 + Level 0.9 Fighting
 + Level 0.5 Short Blades
 + Level 0.7 Axes
 + Level 2.5 Dodging
 + Level 2.3 Stealth
 + Level 4.5 Spellcasting


You had one spell level left.
You knew the following spells:

 Your Spells              Type           Power      Damage    Failure   Level
a - Sandblast             Erth           46%        2d11      2%          1
b - Passwall              Tmut/Erth      19%        N/A       4%          2
c - Stone Arrow           Conj/Erth      46%        3d9       9%          3
d - Petrify               Tmut/Erth      23%        N/A       28%         4
e - Shock                 Conj/Air       92%        1d8       2%          1
f - Poisonous Vapours     Pois/Air       46%        N/A       4%          2
Your spell library was empty.

Dungeon Overview and Level Annotations

Branches:
Dungeon (3/15)

Altars:
Dithmenos
Gozag
Makhleb
Qazlal
Ru

Shops:
D:1 [

Annotations:
D:3 yourfavgirlally's ghost, amateur FoHu


Innate Abilities, Weirdness & Mutations

You are immune to sickness and miasma.
You are immune to poison.
Your flesh is very heat resistant. (rF++)
You are vulnerable to cold. (rC-)
You float through the air rather than walking.
You learn spells naturally, not from books.
Your magical power is your life essence.
You have superior vitality. (+4 MHP)


Message History

You see here a +0 short sword.
Yourfavgirlally's ghost turns its malevolent gaze towards you.
Done exploring.
You reach down and open the gate.
Casting: Stone Arrow (dangerous; 8% risk of failure)
Confirm with . or Enter, or press ? or * to list all spells.
Aiming: Stone Arrow (dangerous; 8% risk of failure)
Press: ? - help, Shift-Dir - straight line, f - yourfavgirlally's ghost
Aim: yourfavgirlally's ghost, wielding a weapon of flaming (77% to hit)
The stone arrow misses yourfavgirlally's ghost.
Yourfavgirlally's ghost hits you!
Casting: Stone Arrow (dangerous; 8% risk of failure)
Confirm with . or Enter, or press ? or * to list all spells.
Aiming: Stone Arrow (dangerous; 8% risk of failure)
Press: ? - help, Shift-Dir - straight line, f/p - yourfavgirlally's ghost
Aim: yourfavgirlally's ghost, wielding a weapon of flaming (77% to hit)
The stone arrow hits yourfavgirlally's ghost!
Yourfavgirlally's ghost is moderately damaged.
Yourfavgirlally's ghost closely misses you.
Casting: Stone Arrow (dangerous; 8% risk of failure)
Confirm with . or Enter, or press ? or * to list all spells.
Aiming: Stone Arrow (dangerous; 8% risk of failure)
Press: ? - help, Shift-Dir - straight line, f/p - yourfavgirlally's ghost
Aim: yourfavgirlally's ghost, wielding a weapon of flaming (moderately damaged, 77% to hit)
The stone arrow hits yourfavgirlally's ghost!
Yourfavgirlally's ghost is heavily damaged.
Yourfavgirlally's ghost hits you!
* * * LOW HITPOINT WARNING * * *
Yourfavgirlally's ghost burns you.
* * * LOW HITPOINT WARNING * * *
It was a potion of degeneration.
There was something very wrong with that liquid.
You feel weakened.
You feel dopey.
You feel clumsy.
Yourfavgirlally's ghost closely misses you.
It was a potion of cancellation.
You feel magically purged.
Yourfavgirlally's ghost barely misses you.
It was a potion of brilliance.
You feel clever all of a sudden.
Yourfavgirlally's ghost hits you!
You die...

........######
.............#########
..).....######...(.(.#
..)(....# #((.....#
##).##### #....8..#
###[## #..(....#
.##.)## #(....♣.#
.###(.# ###W''###
.####)### #..@....#
..###...######.......#
<.................####
.##.#####....####.#
###...###.....# #.## #
###.........# #..##
##..##....####...###
##..####...##E#...#E#
###..##
#.:..###...####


You could see yourfavgirlally's ghost.

Vanquished Creatures
  3 iron imps (D:3)
  Ijyb (D:3)
  Terence (D:3)
  Robin (D:3)
  3 adders
  2 worms
  3 dart slugs
  3 orcs (D:3)
  4 ball pythons
  5 endoplasms
  4 giant cockroaches
  17 goblins
  9 hobgoblins
  4 kobolds
  3 quokkas
  4 bats
  5 frilled lizards
  5 rats
77 creatures vanquished.

Notes
Turn   | Place    | Note
-------+----------+-------------------------------------------
     0 | D:1      | javelincjr the Djinni Earth Elementalist began the quest
                  | for the Orb.
     0 | D:1      | javelincjr set off with the following spells memorised:
                  | Sandblast, Passwall, Stone Arrow, Petrify.
     0 | D:1      | Reached XP level 1. HP: 15/15 MP: 0/0
   283 | D:1      | Reached XP level 2. HP: 18/21 MP: 0/0
   482 | D:1      | Found a faded altar of an unknown god.
   796 | D:1      | Found Mugihat's Antique Armour Boutique.
   848 | D:1      | Reached skill level 3 in Spellcasting
  1036 | D:1      | Reached XP level 3. HP: 23/25 MP: 0/0
  1036 | D:1      | Learned a level 1 spell: Shock
  1216 | D:2      | Found a shadowy altar of Dithmenos.
  2028 | D:2      | Reached XP level 4. HP: 25/31 MP: 0/0
  2313 | D:3      | Noticed Robin
  2318 | D:3      | Killed Robin
  2682 | D:3      | Reached XP level 5. HP: 31/35 MP: 0/0
  2682 | D:3      | Learned a level 2 spell: Poisonous Vapours
  2929 | D:3      | Noticed Ijyb
  2935 | D:3      | Killed Ijyb
  2936 | D:3      | Reached skill level 4 in Spellcasting
  2962 | D:3      | Noticed Terence
  2972 | D:3      | Killed Terence
  3223 | D:3      | Found a sacrificial altar of Ru.
  3232 | D:3      | Found an opulent altar of Gozag.
  3515 | D:3      | Found a runed translucent gate.
  3516 | D:3      | Noticed an air elemental
  3518 | D:3      | Found a stormy altar of Qazlal.
  3521 | D:3      | Noticed a water elemental
  3521 | D:3      | Noticed a fire elemental
  3526 | D:3      | Found a runed translucent gate.
  3526 | D:3      | Found a runed translucent gate.
  3530 | D:3      | Noticed yourfavgirlally's ghost (amateur FoHu)
  3590 | D:3      | Found a burning altar of Makhleb.
  3602 | D:3      | Reached XP level 6. HP: 34/41 MP: 0/0
  3893 | D:3      | Slain by yourfavgirlally's ghost

Illustrated notes

Levels and vault maps discovered:
D:1:      elethiomel_arrival_infinity_welcomes_careful_drivers, layout_basic,
          serial_shops, nicolae_shop_competitors_out_of_business,
          hellmonk_ecumenical_altar_heavens_door
D:2:      layout_loops_ring, basic_altar
D:3:      layout_rooms, nicolae_qazlal_style_of_elements,
          mainiacjoe_overflow_large_starburst, demons_altar,
          ebering_ghost_rock_garden, uniq_robin, uniq_terence, uniq_ijyb

Skill      XL: |  1  2  3  4  5 |
---------------+----------------+-----
Spellcasting   | 3 4 |  4.5
Stealth        | 2 |  2.3
Fighting       | |  0.9
Short Blades   | |  0.5
Axes           | |  0.7
Dodging        | |  2.5

Action                   |  1- 3 |  4- 6 || total
-------------------------+-------+-------++-------
Melee: Hand axe          |     6 |       ||     6
       Dagger            |       |    29 ||    29
       Punch             |       |     1 ||     1
 Cast: Sandblast         |    41 |     4 ||    45
       Shock             |    10 |    44 ||    54
       Stone Arrow       |       |    13 ||    13
       Poisonous Vapours |       |     7 ||     7
  Use: Scroll            |       |     1 ||     1
       Potion            |       |     3 ||     3
 Stab: Distracted        |       |     1 ||     1
Armor: Robe              |     2 |     3 ||     5
Dodge: Dodged            |    11 |    16 ||    27
